 Dungeon Crawl Stone Soup version 0.17.1-1-g73c8601 (console) character file.

4797 Kloppie the Fighter (level 10, 0/91 HPs)
             Began as a Centaur Gladiator on Dec 30, 2015.
             Was a Follower of Makhleb.
             Slain by a wasp (6 damage)
             ... on level 8 of the Dungeon.
             The game lasted 00:20:30 (11113 turns).

Kloppie the Fighter (Centaur Gladiator)            Turns: 11113, Time: 00:20:30

Health: 0/91       AC: 11    Str: 17    XL:     10   Next: 24%
Magic:  10/10      EV:  6    Int:  7    God:    Makhleb [*.....]
Gold:   286        SH:  0    Dex: 14    Spells: 0 memorised, 9 levels left

rFire  . . .     SeeInvis .     b - +1 halberd
rCold  . . .     Clarity  .     B - +0 chain mail
rNeg   . . .     SustAt   .     (shield currently unavailable)
rPois  .         Gourm    .     c - +0 helmet
rElec  .         Spirit   .     i - +0 cloak
rCorr  .         Warding  .     (no gloves)
rMut   .         Stasis   .     (no barding)
MR     .....                    (no amulet)
Stlth  ..........               (no ring)
                                (no ring)

@: lethally poisoned (0 -> -2), slowed, not resistant to hostile enchantments,
extremely unstealthy
A: hooves 3, deformed body, speed 2, tough skin 3
a: Renounce Religion


You were on level 8 of the Dungeon.
You worshipped Makhleb.
Makhleb was aware of your devotion.
You were hungry.

You visited 2 branches of the dungeon, and saw 10 of its levels.

You collected 517 gold pieces.
You spent 231 gold pieces at shops.

Inventory:

Hand Weapons
 a - a +2 trident of piercing
 b - a +1 halberd (weapon)
 H - a +0 trident
Missiles
 d - 3 throwing nets (quivered)
Armour
 c - a +0 helmet (worn)
 i - a +0 cloak (worn)
 s - a +0 plate armour
 B - a +0 chain mail (worn)
 G - a cursed +0 large shield
Jewellery
 x - an uncursed ring of teleportation
Wands
 m - a wand of enslavement (14)
 n - a wand of fireball (14)
 z - a wand of draining (8)
 F - a wand of cold (6)
 J - a wand of frost (14)
 L - a wand of digging (4)
 S - a wand of digging (12)
Scrolls
 f - 4 scrolls of enchant weapon
 g - a scroll of amnesia
 j - 8 scrolls of identify
 k - a scroll of fog
 r - 2 scrolls of blinking
 t - 5 scrolls of remove curse
 v - 2 scrolls of magic mapping {unknown}
 C - 3 scrolls of teleportation {unknown}
 D - 4 scrolls of random uselessness {unknown}
 I - a scroll of enchant armour {unknown}
Potions
 l - a potion of ambrosia
 q - a potion of lignification
 u - a potion of invisibility
 w - 3 potions of mutation
 y - 3 potions of agility
 A - a potion of flight
 E - 2 potions of might {unknown}
 K - a potion of cancellation {unknown}
Books
 N - a book of the Warp

   Spells                             Type                      Level
   a - Recall                         Summoning/Translocation      3
   b - Gell's Gravitas                Hexes/Translocation          3
   c - Force Lance                    Conjuration/Translocation    4
   d - Phase Shift                    Translocation                5
   e - Warp Weapon                    Charms/Translocation         5
   f - Summon Forest                  Summoning/Translocation      5
 O - a book of Annihilations

   Spells                             Type                      Level
   a - Poison Arrow                   Conjuration/Poison           6
   b - Chain Lightning                Conjuration/Air              8
   c - Lehudib's Crystal Spear        Conjuration/Earth            8
   d - Glaciate                       Conjuration/Ice              9
   e - Fire Storm                     Conjuration/Fire             9
Comestibles
 e - 6 bread rations
 o - 6 meat rations
 p - 7 beef jerkies
 M - a royal jelly
 P - 3 fruits
 Q - 8 slices of pizza


   Skills:
 + Level 9.2 Fighting
 + Level 8.4 Polearms
 - Level 2.1 Throwing
 + Level 6.4 Armour
 - Level 2.1 Dodging


You had 9 spell levels left.
You didn't know any spells.

Dungeon Overview and Level Annotations

Branches:
Dungeon (9/15)             Temple (1/1) D:6
   Lair: D:8-11         Orc: D:9-12

Altars:
Ashenzari
Cheibriados
Dithmenos
Elyvilon
Fedhas
Gozag
Kikubaaqudgha
Makhleb
Nemelex Xobeh
Okawaru
Qazlal
Ru
Sif Muna
Trog
Vehumet
Xom
Yredelemnul
Zin
The Shining One

Shops:
D:4 **(*   D:5 *


Innate Abilities, Weirdness & Mutations

You have hooves in place of feet.
Armour fits poorly on your strangely shaped body.
You cover ground very quickly.
You have extremely tough skin (AC +3).


Message History

There is a stone staircase leading up here.
The wasp stings you.
* * * LOW HITPOINT WARNING * * *
You feel as though you will be slow longer.
The gnoll hits you but does no damage. The wasp stings you but does no damage.
The ogre hits you with a giant spiked club.
* * * LOW HITPOINT WARNING * * *
You climb upwards.
There is a stone staircase leading down here.
You puncture the wasp! Your kick misses the wasp.
The wasp is heavily wounded.
The wasp stings you but does no damage. The wasp stings you.
* * * LOW HITPOINT WARNING * * *
You are poisoned.
You feel as though you will be slow longer.
The wasp stings you but does no damage.
You hit the wasp.
The wasp is heavily wounded.
You feel sick. The wasp stings you.
You die...

#.##.# ######'###.....# #.#
#.##.# #.....####..# #.# #.##.#
#.....####..# #.#
#.##.############.....########.##
#.##.............................
#.################...............
#.# #....########.#. #.#
#####....########.#. #.#
#..@y...............
#.############.###...#########...
#........).....# #...# ##..
################ #...# ##. ##.##
#. ##### #.# #. #...#####.# #.
#.#.......# #. #...#####.# ##


You could see a wasp.

Vanquished Creatures
  A two-headed ogre (D:9)
  A wyvern (D:9)
  A human (D:8)
  A hippogriff (D:8)
  4 sky beasts
  Duvessa (D:5)
  A wasp (D:8)
  An ice beast (D:9)
  A black bear (D:9)
  3 orc warriors
  3 phantoms
  5 ogres
  A centaur (D:5)
  6 giant frogs
  2 gnoll sergeants
  A water moccasin zombie (D:7)
  2 wyvern skeletons
  Dowan (D:5)
  A scorpion (D:5)
  A water moccasin skeleton (D:8)
  10 crimson imps
  3 hounds
  A jelly (D:5)
  A giant frog skeleton (D:6)
  A giant frog zombie (D:9)
  7 orc priests
  A centaur skeleton (D:7)
  11 orc wizards
  6 worker ants
  A killer bee zombie (D:8)
  4 sheep (D:8)
  2 worker ant zombies
  9 adders
  A shadow imp (D:8)
  13 gnolls
  An ooze (D:1)
  2 adder skeletons (D:9)
  A worm (D:5)
  2 giant geckos
  28 orcs
  13 bats
  5 giant cockroaches
  7 goblins
  9 hobgoblins
  2 jackals (D:6)
  A ball python (D:3)
  A giant gecko skeleton (D:4)
  4 giant newts
  9 kobolds
  5 quokkas
  5 rats
204 creatures vanquished.

Notes
Turn   | Place    | Note
--------------------------------------------------------------
     0 | D:1      | Kloppie the Centaur Gladiator began the quest for the Orb.
     0 | D:1      | Reached XP level 1. HP: 17/17 MP: 1/1
    45 | D:1      | Reached XP level 2. HP: 5/24 MP: 2/2
   639 | D:1      | Reached skill level 3 in Polearms
  1185 | D:1      | Reached XP level 3. HP: 26/30 MP: 3/3
  1344 | D:2      | Found a blossoming altar of Fedhas.
  1375 | D:2      | Reached skill level 1 in Armour
  1938 | D:2      | Found a snail-covered altar of Cheibriados.
  1938 | D:2      | Found an opulent altar of Gozag.
  2294 | D:3      | Reached XP level 4. HP: 35/38 MP: 4/4
  2395 | D:3      | Found a shimmering altar of Xom.
  2441 | D:3      | Reached XP level 5. HP: 40/45 MP: 5/5
  3315 | D:4      | Found Cunuer's Assorted Antiques.
  3327 | D:4      | Bought 2 scrolls labeled LOIROS ETUWK for 56 gold pieces
  3327 | D:4      | Bought a scroll labeled MAOZEOV PAZY for 28 gold pieces
  3327 | D:4      | Bought a fizzy emerald potion for 25 gold pieces
  3391 | D:4      | Noticed a phantom
  3507 | D:4      | Killed a phantom
  3507 | D:4      | Reached skill level 4 in Fighting
  3507 | D:4      | Reached XP level 6. HP: 26/52 MP: 6/6
  3697 | D:4      | Found Rokkepuk's Antique Weapon Shoppe.
  3702 | D:4      | Bought a halberd for 100 gold pieces
  3936 | D:4      | Found Yreroiqo's General Store.
  4054 | D:4      | Found a white marble altar of Elyvilon.
  4054 | D:4      | Found an ancient bone altar of Kikubaaqudgha.
  4054 | D:4      | Noticed an ogre
  4055 | D:4      | Found a glowing golden altar of the Shining One.
  4074 | D:4      | Killed an ogre
  4074 | D:4      | Reached XP level 7. HP: 56/60 MP: 7/7
  4282 | D:4      | Found Uppoj's Assorted Antiques.
  4290 | D:4      | Bought a scroll labeled SIRPHOG DEPRAH for 22 gold pieces
  4313 | D:4      | Found a sparkling altar of Nemelex Xobeh.
  4767 | D:5      | Entered Level 5 of the Dungeon
  4991 | D:5      | Reached skill level 5 in Fighting
  5037 | D:5      | Reached skill level 5 in Polearms
  5302 | D:5      | Noticed Dowan
  5303 | D:5      | Noticed Duvessa
  5328 | D:5      | Killed Dowan
  5474 | D:5      | Killed Duvessa
  5474 | D:5      | Reached XP level 8. HP: 39/70 MP: 8/8
  5709 | D:5      | Found an opulent altar of Gozag.
  5715 | D:5      | Reached skill level 6 in Fighting
  5720 | D:5      | Found Gozag's Platinum Reserve.
  6644 | D:6      | Found a staircase to the Ecumenical Temple.
  6649 | Temple   | Entered the Ecumenical Temple
  7020 | D:6      | Reached skill level 7 in Fighting
  7546 | D:7      | Reached XP level 9. HP: 74/79 MP: 9/9
  7708 | D:7      | Reached skill level 5 in Armour
  8277 | D:8      | Found a shimmering altar of Xom.
  8733 | D:8      | Reached skill level 8 in Fighting
  8817 | D:8      | Found a radiant altar of Vehumet.
  8818 | D:8      | Found a burning altar of Makhleb.
  8823 | D:8      | Became a worshipper of Makhleb the Destroyer
  8842 | D:8      | Paralysed by a wasp for 1 turns
  8980 | D:8      | Found an iron altar of Okawaru.
  8981 | D:8      | Found a bloodstained altar of Trog.
  9843 | D:8      | Reached XP level 10. HP: 40/90 MP: 10/10
 10308 | D:9      | Reached * piety under Makhleb
 10316 | D:9      | Reached skill level 9 in Fighting
 11113 | D:8      | Slain by a wasp

Action                   |  1- 3 |  4- 6 |  7- 9 | 10-12 || total
-------------------------+-------+-------+-------+-------++-------
Melee: Trident           |   153 |   140 |     3 |       ||   296
       Halberd           |       |    36 |   491 |   135 ||   662
  Use: Scroll            |       |       |    15 |       ||    15
       Potion            |       |       |     3 |     1 ||     4
  Eat: Chunk             |     3 |     5 |    13 |     3 ||    24
       Pizza             |       |       |     1 |       ||     1
       Beef jerky        |       |       |     1 |       ||     1
